Espoo Blues vs Tucson Roadrunners
Created - Friday, April 21, 2023 at 07:19
Goals
|
| Espoo Blues |
1 |
1 |
1 |
1 |
4 |
| Tucson Roadrunners |
1 |
2 |
0 |
0 |
3 |
|
Shots
|
| Espoo Blues |
8 |
18 |
7 |
4 |
37 |
| Tucson Roadrunners |
12 |
13 |
5 |
1 |
31 |
|
1st period
1. Tucson Roadrunners , Scott Reedy 12 (William Carrier 22, Robert Hagg 18) at 13:31
2. Espoo Blues , Joe Snively 10 (Derick Brassard 31, Stefan Noesen 30) at 16:48 (PP)
Penalties :
Robert Hagg (TRR) for Holding (Minor) at 13:53, Andre Lee (TRR) for Hooking (Minor) at 16:40
2nd period
3. Tucson Roadrunners , Rocco Grimaldi 18 (Michal Kempny 12, Matthew Nieto 20) at 1:00
4. Tucson Roadrunners , Carson Soucy 5 (Matthew Nieto 21, Gage Goncalves 6) at 7:33 (PP)
5. Espoo Blues , Joe Snively 11 (Derick Brassard 32) at 12:42
Penalties :
Logan O'Connor (ESP) for Roughing (Minor) at 7:24, Gavin Bayreuther (ESP) for Delaying the game (Minor) at 14:57, Nick Seeler (TRR) for Hooking (Minor) at 18:34
3rd period
6. Espoo Blues , Michael Stone 6 (Derick Brassard 33, Spencer Knight) at 4:48 (PP)
Penalties :
Logan O'Connor (ESP) for Hooking (Minor) at 1:06, Simon Benoit (TRR) for Tripping (Minor) at 4:36, Robert Hagg (TRR) for Roughing (Minor) at 8:54
Overtime #1
7. Espoo Blues , Stefan Noesen 24 (Michael Stone 14) at 1:17
Penalties :
No Penalty
Goalie Stats
Spencer Knight (ESP), 28 saves from 31 shots - (0.903), W, 15-3-2, 61:17 minutes
Jaroslav Halak (TRR), 33 saves from 37 shots - (0.892), OTL, 7-5-1, 61:17 minutes
Players Stats for Espoo Blues
Player Name G A P +/- PIM S H SB GA TA FO MP PP MP PK MP
------------------------------------------------------------------------------------
Anton Blidh 0 0 0 0 0 2 2 0 0 0 0/0 12:43 0:00 0:13
Brendan Lemieux 0 0 0 0 0 2 1 0 1 1 2/2 16:57 2:35 0:00
Cam York 0 0 0 0 0 3 2 2 0 1 0/0 21:09 1:59 1:58
Chad Ruhwedel 0 0 0 0 0 1 0 1 0 1 0/0 19:36 1:59 1:58
Derek Grant 0 0 0 1 0 2 1 1 0 0 11/18 19:58 2:35 2:06
Derick Brassard 0 3 3 -1 0 1 5 0 2 0 16/27 22:06 3:42 1:42
Fredrik Karlstrom 0 0 0 0 0 0 2 0 1 0 6/6 12:19 0:00 0:19
Gavin Bayreuther 0 0 0 0 2 0 0 0 0 0 0/0 14:08 0:00 0:00
Joe Snively 2 0 2 -1 0 3 4 0 0 0 0/1 20:49 3:42 0:55
Logan O'Connor 0 0 0 -1 4 4 2 2 0 0 0/1 17:06 0:00 1:00
Mattias Janmark 0 0 0 0 0 0 0 0 0 0 0/0 3:41 0:00 1:59
Mattias Samuelsson 0 0 0 0 0 3 1 3 0 2 0/0 27:59 4:18 2:09
Michael Stone 1 1 2 0 0 3 0 0 0 0 0/0 25:53 4:18 2:04
Patric Hornqvist 0 0 0 0 0 6 0 0 0 0 0/1 14:43 2:35 0:00
Ridly Greig 0 0 0 0 0 0 0 0 0 0 0/0 7:15 0:00 0:00
Stefan Noesen 1 1 2 1 0 7 4 1 0 1 0/0 22:54 3:42 0:00
Urho Vaakanainen 0 0 0 0 0 0 1 0 0 1 0/0 14:29 0:00 0:05
Viktor Lodin 0 0 0 0 0 0 0 0 0 0 1/2 7:13 0:00 0:00
Players Stats for Tucson Roadrunners
Player Name G A P +/- PIM S H SB GA TA FO MP PP MP PK MP
------------------------------------------------------------------------------------
Andre Lee 0 0 0 0 2 0 3 0 0 1 0/0 8:25 0:00 0:00
Ben Jones 0 0 0 0 0 2 0 0 0 0 1/3 8:09 0:00 0:00
Carson Soucy 1 0 1 -1 0 2 2 1 1 0 0/0 26:39 2:13 4:18
Gage Goncalves 0 1 1 1 0 0 0 0 1 0 7/16 18:14 1:43 0:00
Justin Danforth 0 0 0 0 0 0 0 0 0 0 1/5 4:43 0:00 0:08
Lukas Rousek 0 0 0 -1 0 0 0 1 0 1 0/0 11:06 0:00 0:00
Marian Studenic 0 0 0 -1 0 4 2 1 0 0 0/0 14:40 0:29 1:21
Matthew Highmore 0 0 0 1 0 1 1 0 1 0 0/0 16:08 1:53 0:59
Matthew Nieto 0 2 2 0 0 3 0 0 0 1 4/11 23:34 2:14 3:52
Michal Kempny 0 1 1 1 0 1 3 1 0 0 0/0 20:48 1:54 1:59
Mikhail Maltsev 0 0 0 -1 0 2 0 0 1 0 2/7 14:23 1:08 0:00
Nick Seeler 0 0 0 0 2 2 1 0 0 0 0/0 17:05 0:00 2:49
Nicolas Meloche 0 0 0 1 0 1 0 0 0 0 0/0 20:48 1:54 1:59
Robert Hagg 0 1 1 -1 4 2 3 2 0 1 0/0 24:22 2:13 1:29
Rocco Grimaldi 1 0 1 0 0 4 1 0 2 0 2/3 23:34 2:16 3:52
Scott Reedy 1 0 1 1 0 4 0 0 1 0 4/11 16:36 1:19 0:47
Simon Benoit 0 0 0 0 2 0 0 0 0 0 0/0 13:22 0:00 0:00
William Carrier 0 1 1 1 0 3 1 0 0 0 1/2 16:10 1:19 1:35
3 Stars
1 - Stefan Noesen (ESP)
2 - Joe Snively (ESP)
3 - Derick Brassard (ESP)
Power Play
Espoo Blues - 2 on 5 Attempt(s) - 40.00%
Tucson Roadrunners - 1 on 3 Attempt(s) - 33.33%
Penalty Kill
Espoo Blues - 2 on 3 Attempt(s) - 66.67%
- Score 0 goal in Penalty Kill
Tucson Roadrunners - 3 on 5 Attempt(s) - 60.00%
- Score 0 goal in Penalty Kill
Team Stat
Espoo Blues - Hits : 25 - Faceoff Wins : 36 - Blocked Shots : 10 - Penalty Minutes : 6
Tucson Roadrunners - Hits : 17 - Faceoff Wins : 22 - Blocked Shots : 6 - Penalty Minutes : 10
Official
Referees : Evgeny Romasko and Kyle Rehman
Linesman : Unknown
Game Notes
Justin Danforth is injured at 14:36 of 1st period (Bruised Left Leg)
Espoo Blues
5 vs 5 Forward
Center Left Wing Right Wing Time % Phy DF OF
1 Derick Brassard Joe Snively Logan O'Connor 37 1 1 2
2 Derek Grant Brendan Lemieux Stefan Noesen 36 1 2 2
3 Fredrik Karlstrom Anton Blidh Patric Hornqvist 22 1 2 2
4 Viktor Lodin Ridly Greig Stefan Noesen 5 1 2 2
5 vs 5 Defense
Defense Defense Time % Phy DF OF
1 Mattias Samuelsson Michael Stone 41 1 2 2
2 Chad Ruhwedel Cam York 32 1 2 2
3 Urho Vaakanainen Gavin Bayreuther 20 1 2 2
4 Mattias Samuelsson Cam York 7 1 2 2
PowerPlay Forward
Center Left Wing Right Wing Time % Phy DF OF
1 Derick Brassard Joe Snively Stefan Noesen 62 1 2 2
2 Derek Grant Brendan Lemieux Patric Hornqvist 38 1 2 2
PowerPlay Defense
Defense Defense Time % Phy DF OF
1 Mattias Samuelsson Michael Stone 60 1 2 2
2 Chad Ruhwedel Cam York 40 1 2 2
Penalty Kill 4 Players Forward
Center Wing Time % Phy DF OF
1 Derek Grant Logan O'Connor 60 1 2 2
2 Derick Brassard Mattias Janmark 40 1 2 2
Penalty Kill 4 Players Defense
Defense Defense Time % Phy DF OF
1 Mattias Samuelsson Michael Stone 60 1 2 2
2 Chad Ruhwedel Cam York 40 1 2 2
Penalty Kill - 3 Players Forward
Forward Time % Phy DF OF
1 Derek Grant 60 1 2 2
2 Derick Brassard 40 1 2 2
Penalty Kill - 3 Players Defense
Defense Defense Time % Phy DF OF
1 Mattias Samuelsson Michael Stone 60 1 2 2
2 Chad Ruhwedel Cam York 40 1 2 2
4 vs 4 Forward
Center Wing Time % Phy DF OF
1 Derek Grant Stefan Noesen 60 1 2 2
2 Derick Brassard Joe Snively 40 1 2 2
4 vs 4 Defense
Defense Defense Time % Phy DF OF
1 Mattias Samuelsson Michael Stone 60 1 2 2
2 Chad Ruhwedel Cam York 40 1 2 2
Last Minutes Offensive
Center Left Wing Right Wing Defense Defense
Derek Grant Joe Snively Stefan Noesen Mattias Samuelsson Michael Stone
Last Minutes Defensive
Center Left Wing Right Wing Defense Defense
Derek Grant Derick Brassard Logan O'Connor Mattias Samuelsson Michael Stone
Goaltenders
Starting : Spencer Knight
Backup : Stuart Skinner
Extra Forwards
Normal : Stefan Noesen, Joe Snively, Derick Brassard - PP : Stefan Noesen, Joe Snively - PK : Logan O'Connor
Extra Defensemen
Normal : Cam York, Mattias Samuelsson, Michael Stone - PP : Michael Stone - PK : Urho Vaakanainen, Gavin Bayreuther
Penalty Shots
Stefan Noesen, Patric Hornqvist, Joe Snively, Brendan Lemieux, Viktor Lodin
Tucson Roadrunners
5 vs 5 Forward
Center Left Wing Right Wing Time % Phy DF OF
1 Justin Danforth Matthew Nieto Rocco Grimaldi 40 1 2 2
2 Scott Reedy William Carrier Matthew Highmore 30 1 2 2
3 Mikhail Maltsev Lukas Rousek Marian Studenic 20 1 2 2
4 Ben Jones Andre Lee Gage Goncalves 10 1 2 2
5 vs 5 Defense
Defense Defense Time % Phy DF OF
1 Carson Soucy Robert Hagg 40 2 3 0
2 Nicolas Meloche Michal Kempny 30 2 3 0
3 Simon Benoit Nick Seeler 20 2 3 0
4 Carson Soucy Robert Hagg 10 1 2 2
PowerPlay Forward
Center Left Wing Right Wing Time % Phy DF OF
1 Justin Danforth Matthew Nieto Rocco Grimaldi 60 1 0 4
2 Scott Reedy William Carrier Matthew Highmore 40 1 0 4
PowerPlay Defense
Defense Defense Time % Phy DF OF
1 Carson Soucy Robert Hagg 60 0 4 1
2 Nicolas Meloche Michal Kempny 40 0 4 1
Penalty Kill 4 Players Forward
Center Wing Time % Phy DF OF
1 Matthew Nieto Rocco Grimaldi 60 1 4 0
2 William Carrier Justin Danforth 40 1 4 0
Penalty Kill 4 Players Defense
Defense Defense Time % Phy DF OF
1 Carson Soucy Robert Hagg 60 1 4 0
2 Nicolas Meloche Michal Kempny 40 1 4 0
Penalty Kill - 3 Players Forward
Forward Time % Phy DF OF
1 Matthew Nieto 60 2 3 0
2 Rocco Grimaldi 40 0 1 4
Penalty Kill - 3 Players Defense
Defense Defense Time % Phy DF OF
1 Carson Soucy Robert Hagg 60 2 3 0
2 Nicolas Meloche Michal Kempny 40 2 3 0
4 vs 4 Forward
Center Wing Time % Phy DF OF
1 Matthew Nieto Rocco Grimaldi 60 1 2 2
2 William Carrier Justin Danforth 40 1 2 2
4 vs 4 Defense
Defense Defense Time % Phy DF OF
1 Carson Soucy Robert Hagg 60 1 2 2
2 Nicolas Meloche Michal Kempny 40 1 2 2
Last Minutes Offensive
Center Left Wing Right Wing Defense Defense
Justin Danforth Matthew Nieto Rocco Grimaldi Carson Soucy Robert Hagg
Last Minutes Defensive
Center Left Wing Right Wing Defense Defense
Justin Danforth Matthew Nieto Rocco Grimaldi Carson Soucy Robert Hagg
Goaltenders
Starting : Jaroslav Halak
Backup : Arturs Silovs
Extra Forwards
Normal : Gage Goncalves, Mikhail Maltsev, Marian Studenic - PP : Gage Goncalves, Mikhail Maltsev - PK : Marian Studenic
Extra Defensemen
Normal : Simon Benoit, Nick Seeler, Nicolas Meloche - PP : Simon Benoit - PK : Nick Seeler, Nicolas Meloche
Penalty Shots
Matthew Nieto, Rocco Grimaldi, William Carrier, Justin Danforth, Scott Reedy
% Time on Ice - Espoo Blues
Lines # - Real PCT - Wanted PCT - Time Play
Normal Forward
1 - 30% - 37% - 15:05
2 - 34% - 36% - 16:42
3 - 21% - 22% - 10:36
4 - 15% - 5% - 7:13
Normal Defense
1 - 38% - 41% - 18:58
2 - 30% - 32% - 14:56
3 - 28% - 20% - 13:50
4 - 4% - 7% - 1:52
PP Forward
1 - 59% - 62% - 3:42
2 - 41% - 38% - 2:35
PP Defense
1 - 68% - 60% - 4:18
2 - 32% - 40% - 1:59
PK Forward
1 - 95% - 60% - 3:55
2 - 5% - 40% - 0:12
PK Defense
1 - 52% - 60% - 2:09
2 - 48% - 40% - 1:58
PK3 Forward
1 - 0% - 60%
2 - 0% - 40%
PK3 Defense
1 - 0% - 60%
2 - 0% - 40%
44 Forward
1 - 100% - 60% - 1:17
2 - 0% - 40% - 0:00
44 Defense
1 - 79% - 60% - 1:01
2 - 21% - 40% - 0:16
Last Minute Offensive - 0:00
Last Minute Defensive - 0:00
Total
Forward - 61:17
Defense - 61:17
|
% Time on Ice - Tucson Roadrunners
Lines # - Real PCT - Wanted PCT - Time Play
Normal Forward
1 - 35% - 40% - 17:12
2 - 30% - 30% - 14:48
3 - 21% - 20% - 10:15
4 - 15% - 10% - 7:21
Normal Defense
1 - 37% - 40% - 18:32
2 - 32% - 30% - 16:00
3 - 26% - 20% - 13:08
4 - 4% - 10% - 1:56
PP Forward
1 - 68% - 60% - 2:48
2 - 32% - 40% - 1:19
PP Defense
1 - 54% - 60% - 2:13
2 - 46% - 40% - 1:54
PK Forward
1 - 75% - 60% - 4:42
2 - 25% - 40% - 1:35
PK Defense
1 - 71% - 60% - 4:29
2 - 29% - 40% - 1:48
PK3 Forward
1 - 0% - 60%
2 - 0% - 40%
PK3 Defense
1 - 0% - 60%
2 - 0% - 40%
44 Forward
1 - 100% - 60% - 1:17
2 - 0% - 40% - 0:00
44 Defense
1 - 77% - 60% - 0:59
2 - 23% - 40% - 0:18
Last Minute Offensive - 0:00
Last Minute Defensive - 0:00
Total
Forward - 61:17
Defense - 61:17
|
Play-by-Play
1st period
0:01 of 1st period - Derick Brassard wins face-off versus Justin Danforth in neutral zone.
0:18 of 1st period - Rocco Grimaldi is hit by Derick Brassard and loses puck.
0:33 of 1st period - Slapshot by William Carrier.
0:33 of 1st period - Stopped by Spencer Knight with a rebound.
0:35 of 1st period - Slapshot by Robert Hagg.
0:35 of 1st period - Shot Misses the Net.
0:37 of 1st period - Snap shot by Matthew Highmore.
0:37 of 1st period - Deflect By Scott Reedy.
0:37 of 1st period - Shot Misses the Net.
0:37 of 1st period - Puck is out of play.
0:38 of 1st period - Mikhail Maltsev wins face-off versus Patric Hornqvist in Espoo Blues zone.
0:39 of 1st period - Snap shot by Marian Studenic.
0:39 of 1st period - Stopped by Spencer Knight without a rebound.
0:40 of 1st period - Fredrik Karlstrom wins face-off versus Mikhail Maltsev in Espoo Blues zone.
2:27 of 1st period - Wrist shot by Mikhail Maltsev.
2:27 of 1st period - Stopped by Spencer Knight with a rebound.
2:29 of 1st period - Wrist shot by Gage Goncalves.
2:29 of 1st period - Shot Blocked by Cam York.
2:31 of 1st period - Snap shot by Nick Seeler.
2:31 of 1st period - Stopped by Spencer Knight with a rebound.
2:33 of 1st period - Wrist shot by Andre Lee.
2:33 of 1st period - Shot Blocked by Chad Ruhwedel.
2:56 of 1st period - Viktor Lodin is hit by Carson Soucy and loses puck.
3:15 of 1st period - Logan O'Connor is hit by Matthew Highmore and loses puck.
3:38 of 1st period - Slapshot by Patric Hornqvist.
3:38 of 1st period - Stopped by Jaroslav Halak without a rebound.
3:39 of 1st period - Justin Danforth wins face-off versus Derick Brassard in Tucson Roadrunners zone.
3:57 of 1st period - Icing by Derick Brassard.
3:58 of 1st period - Derick Brassard wins face-off versus Scott Reedy in Espoo Blues zone.
4:07 of 1st period - Snap shot by Scott Reedy.
4:07 of 1st period - Stopped by Spencer Knight with a rebound.
4:09 of 1st period - Wrist shot by Nicolas Meloche.
4:09 of 1st period - Stopped by Spencer Knight without a rebound.
4:10 of 1st period - Derek Grant wins face-off versus Justin Danforth in Espoo Blues zone.
4:19 of 1st period - Wrist shot by Stefan Noesen.
4:19 of 1st period - Stopped by Jaroslav Halak without a rebound.
4:20 of 1st period - Brendan Lemieux wins face-off versus Justin Danforth in Tucson Roadrunners zone.
4:23 of 1st period - Snap shot by Stefan Noesen.
4:23 of 1st period - Stopped by Jaroslav Halak with a rebound.
4:39 of 1st period - Snap shot by Rocco Grimaldi.
4:39 of 1st period - Shot Misses the Net.
4:41 of 1st period - Snap shot by Carson Soucy.
4:41 of 1st period - Deflect By Justin Danforth.
4:41 of 1st period - Shot Misses the Net.
4:41 of 1st period - Puck is out of play.
4:42 of 1st period - Derick Brassard wins face-off versus Scott Reedy in Espoo Blues zone.
4:47 of 1st period - Snap shot by Scott Reedy.
4:47 of 1st period - Stopped by Spencer Knight without a rebound.
4:48 of 1st period - Scott Reedy wins face-off versus Logan O'Connor in Espoo Blues zone.
5:59 of 1st period - Wrist shot by Stefan Noesen.
5:59 of 1st period - Shot Misses the Net.
6:13 of 1st period - Derek Grant is hit by Andre Lee and loses puck.
6:25 of 1st period - Off-side.
6:26 of 1st period - Fredrik Karlstrom wins face-off versus Scott Reedy in neutral zone.
6:41 of 1st period - Wrist shot by William Carrier.
6:41 of 1st period - Stopped by Spencer Knight with a rebound.
6:51 of 1st period - Justin Danforth is hit by Brendan Lemieux and loses puck.
7:22 of 1st period - Wrist shot by Ben Jones.
7:22 of 1st period - Shot Blocked by Stefan Noesen.
8:14 of 1st period - Slapshot by Rocco Grimaldi.
8:14 of 1st period - Shot Misses the Net.
8:28 of 1st period - Snap shot by Scott Reedy.
8:28 of 1st period - Shot Misses the Net.
8:50 of 1st period - Slapshot by Ben Jones.
8:50 of 1st period - Stopped by Spencer Knight with a rebound.
9:46 of 1st period - Derick Brassard is hit by Michal Kempny and loses puck.
10:05 of 1st period - Wrist shot by Scott Reedy.
10:05 of 1st period - Shot Blocked by Mattias Samuelsson.
10:29 of 1st period - Icing by Gage Goncalves.
10:30 of 1st period - Fredrik Karlstrom wins face-off versus Ben Jones in Tucson Roadrunners zone.
10:55 of 1st period - Wrist shot by Justin Danforth.
10:55 of 1st period - Shot Blocked by Cam York.
11:03 of 1st period - Matthew Nieto is hit by Stefan Noesen and loses puck.
11:16 of 1st period - William Carrier is hit by Logan O'Connor and loses puck.
11:45 of 1st period - Michal Kempny is hit by Stefan Noesen and loses puck.
12:26 of 1st period - Wrist shot by Scott Reedy.
12:26 of 1st period - Deflect By William Carrier.
12:26 of 1st period - Shot Misses the Net.
12:26 of 1st period - Puck is out of play.
12:27 of 1st period - Scott Reedy wins face-off versus Derick Brassard in Espoo Blues zone.
12:36 of 1st period - Slapshot by Scott Reedy.
12:36 of 1st period - Shot Blocked by Logan O'Connor.
12:56 of 1st period - Snap shot by Rocco Grimaldi.
12:56 of 1st period - Shot Misses the Net.
13:10 of 1st period - Stefan Noesen is hit by Nick Seeler and loses puck.
13:15 of 1st period - Wrist shot by Mikhail Maltsev.
13:15 of 1st period - Stopped by Spencer Knight without a rebound.
13:16 of 1st period - Scott Reedy wins face-off versus Derick Brassard in Espoo Blues zone.
13:17 of 1st period - Snap shot by William Carrier.
13:17 of 1st period - Deflect By Scott Reedy.
13:17 of 1st period - Shot Misses the Net.
13:17 of 1st period - Puck is out of play.
13:18 of 1st period - Derick Brassard wins face-off versus William Carrier in Espoo Blues zone.
13:31 of 1st period - Wrist shot by Scott Reedy.
13:31 of 1st period - Goal by Scott Reedy - Espoo Blues : 0 - Tucson Roadrunners : 1.
13:32 of 1st period - Derek Grant wins face-off versus Justin Danforth in neutral zone.
13:35 of 1st period - Wrist shot by Stefan Noesen.
13:35 of 1st period - Shot Misses the Net.
13:53 of 1st period - Minor Penalty to Robert Hagg for Holding.
13:54 of 1st period - Derick Brassard wins face-off versus Matthew Nieto in Tucson Roadrunners zone.
14:35 of 1st period - Justin Danforth is hit by Derick Brassard and loses puck.
14:36 of 1st period - Justin Danforth from Tucson Roadrunners is injured at 14:36 of 1st period (Bruised Left Leg).
14:37 of 1st period - Derick Brassard wins face-off versus Matthew Nieto in Tucson Roadrunners zone.
15:03 of 1st period - Carson Soucy is hit by Mattias Samuelsson.
15:13 of 1st period - Snap shot by Patric Hornqvist.
15:13 of 1st period - Shot Misses the Net.
15:33 of 1st period - Wrist shot by Marian Studenic.
15:33 of 1st period - Shot Misses the Net.
15:53 of 1st period - Penalty to Robert Hagg is over, Robert Hagg is back on ice.
16:01 of 1st period - Snap shot by Patric Hornqvist.
16:01 of 1st period - Stopped by Jaroslav Halak with a rebound.
16:03 of 1st period - Snap shot by Anton Blidh.
16:03 of 1st period - Stopped by Jaroslav Halak without a rebound.
16:04 of 1st period - Fredrik Karlstrom wins face-off versus Mikhail Maltsev in Tucson Roadrunners zone.
16:28 of 1st period - Snap shot by Stefan Noesen.
16:28 of 1st period - Stopped by Jaroslav Halak without a rebound.
16:29 of 1st period - Derick Brassard wins face-off versus Ben Jones in Tucson Roadrunners zone.
16:38 of 1st period - Snap shot by Logan O'Connor.
16:38 of 1st period - Shot Misses the Net.
16:40 of 1st period - Minor Penalty to Andre Lee for Hooking.
16:41 of 1st period - Derick Brassard wins face-off versus Matthew Nieto in Tucson Roadrunners zone.
16:48 of 1st period - Wrist shot by Joe Snively.
16:48 of 1st period - Goal by Joe Snively - Espoo Blues : 1 - Tucson Roadrunners : 1.
16:49 of 1st period - Derek Grant wins face-off versus Gage Goncalves in neutral zone.
16:58 of 1st period - Snap shot by Michael Stone.
16:58 of 1st period - Stopped by Jaroslav Halak with a rebound.
17:14 of 1st period - William Carrier is hit by Derick Brassard and loses puck.
18:41 of 1st period - Snap shot by Rocco Grimaldi.
18:41 of 1st period - Stopped by Spencer Knight without a rebound.
18:42 of 1st period - Fredrik Karlstrom wins face-off versus Gage Goncalves in Espoo Blues zone.
19:09 of 1st period - Snap shot by Derick Brassard.
19:09 of 1st period - Shot Blocked by Carson Soucy.
Goals for this period are 1 for Espoo Blues vs 1 for Tucson Roadrunners.
Shots for this period are 8 for Espoo Blues vs 12 for Tucson Roadrunners.
2nd period
0:01 of 2nd period - Derek Grant wins face-off versus Rocco Grimaldi in neutral zone.
0:26 of 2nd period - Stefan Noesen is hit by Robert Hagg and loses puck.
0:35 of 2nd period - Snap shot by Derek Grant.
0:35 of 2nd period - Shot Misses the Net.
0:37 of 2nd period - Snap shot by Derek Grant.
0:37 of 2nd period - Stopped by Jaroslav Halak with a rebound.
0:39 of 2nd period - Wrist shot by Stefan Noesen.
0:39 of 2nd period - Shot Blocked by Robert Hagg.
0:41 of 2nd period - Wrist shot by Brendan Lemieux.
0:41 of 2nd period - Shot Blocked by Lukas Rousek.
0:43 of 2nd period - Snap shot by Stefan Noesen.
0:43 of 2nd period - Stopped by Jaroslav Halak with a rebound.
0:45 of 2nd period - Slapshot by Brendan Lemieux.
0:45 of 2nd period - Stopped by Jaroslav Halak without a rebound.
0:46 of 2nd period - Gage Goncalves wins face-off versus Derick Brassard in Tucson Roadrunners zone.
1:00 of 2nd period - Wrist shot by Rocco Grimaldi.
1:00 of 2nd period - Goal by Rocco Grimaldi - Espoo Blues : 1 - Tucson Roadrunners : 2.
1:01 of 2nd period - Gage Goncalves wins face-off versus Derick Brassard in neutral zone.
1:13 of 2nd period - Icing by Joe Snively.
1:14 of 2nd period - Rocco Grimaldi wins face-off versus Derick Brassard in Espoo Blues zone.
1:15 of 2nd period - Backhand shot by Matthew Nieto.
1:15 of 2nd period - Shot Misses the Net.
1:17 of 2nd period - Slapshot by Carson Soucy.
1:17 of 2nd period - Stopped by Spencer Knight with a rebound.
1:19 of 2nd period - Snap shot by Robert Hagg.
1:19 of 2nd period - Stopped by Spencer Knight with a rebound.
1:25 of 2nd period - Snap shot by Matthew Nieto.
1:25 of 2nd period - Stopped by Spencer Knight without a rebound.
1:26 of 2nd period - Derek Grant wins face-off versus Scott Reedy in Espoo Blues zone.
1:26 of 2nd period - Derek Grant is hit by William Carrier.
2:04 of 2nd period - Off-side.
2:05 of 2nd period - Mikhail Maltsev wins face-off versus Derick Brassard in neutral zone.
2:21 of 2nd period - Snap shot by Marian Studenic.
2:21 of 2nd period - Stopped by Spencer Knight with a rebound.
2:39 of 2nd period - Slapshot by William Carrier.
2:39 of 2nd period - Shot Misses the Net.
2:41 of 2nd period - Slapshot by Matthew Highmore.
2:41 of 2nd period - Stopped by Spencer Knight with a rebound.
2:43 of 2nd period - Backhand shot by Simon Benoit.
2:43 of 2nd period - Shot Blocked by Logan O'Connor.
2:53 of 2nd period - Chad Ruhwedel is hit by Rocco Grimaldi and loses puck.
3:12 of 2nd period - Snap shot by Ben Jones.
3:12 of 2nd period - Stopped by Spencer Knight without a rebound.
3:13 of 2nd period - Ben Jones wins face-off versus Derek Grant in Espoo Blues zone.
4:39 of 2nd period - Michael Stone is hit by Andre Lee and loses puck.
5:29 of 2nd period - Cam York is hit by Michal Kempny and loses puck.
5:36 of 2nd period - Matthew Highmore is hit by Fredrik Karlstrom.
6:49 of 2nd period - Icing by Cam York.
6:50 of 2nd period - William Carrier wins face-off versus Viktor Lodin in Espoo Blues zone.
7:21 of 2nd period - Snap shot by Rocco Grimaldi.
7:21 of 2nd period - Stopped by Spencer Knight without a rebound.
7:22 of 2nd period - Derick Brassard wins face-off versus Gage Goncalves in Espoo Blues zone.
7:24 of 2nd period - Minor Penalty to Logan O'Connor for Roughing.
7:25 of 2nd period - Gage Goncalves wins face-off versus Derek Grant in Espoo Blues zone.
7:29 of 2nd period - Wrist shot by Matthew Nieto.
7:29 of 2nd period - Stopped by Spencer Knight without a rebound.
7:30 of 2nd period - Gage Goncalves wins face-off versus Derek Grant in Espoo Blues zone.
7:31 of 2nd period - Wrist shot by Matthew Nieto.
7:31 of 2nd period - Stopped by Spencer Knight with a rebound.
7:33 of 2nd period - Wrist shot by Carson Soucy.
7:33 of 2nd period - Goal by Carson Soucy - Espoo Blues : 1 - Tucson Roadrunners : 3.
7:34 of 2nd period - Derek Grant wins face-off versus Gage Goncalves in neutral zone.
7:43 of 2nd period - Slapshot by Derek Grant.
7:43 of 2nd period - Shot Hit the Post.
7:45 of 2nd period - Snap shot by Mattias Samuelsson.
7:45 of 2nd period - Shot Blocked by Robert Hagg.
7:59 of 2nd period - Robert Hagg is hit by Derick Brassard and loses puck.
8:08 of 2nd period - Slapshot by Derick Brassard.
8:08 of 2nd period - Shot Misses the Net.
8:10 of 2nd period - Slapshot by Logan O'Connor.
8:10 of 2nd period - Stopped by Jaroslav Halak with a rebound.
8:20 of 2nd period - Wrist shot by Anton Blidh.
8:20 of 2nd period - Shot Blocked by Marian Studenic.
8:22 of 2nd period - Snap shot by Anton Blidh.
8:22 of 2nd period - Stopped by Jaroslav Halak with a rebound.
8:24 of 2nd period - Slapshot by Cam York.
8:24 of 2nd period - Stopped by Jaroslav Halak with a rebound.
8:42 of 2nd period - Gage Goncalves is hit by Stefan Noesen and loses puck.
8:59 of 2nd period - Mattias Samuelsson is hit by Michal Kempny and loses puck.
9:29 of 2nd period - Off-side.
9:30 of 2nd period - Fredrik Karlstrom wins face-off versus Mikhail Maltsev in neutral zone.
9:35 of 2nd period - Snap shot by Patric Hornqvist.
9:35 of 2nd period - Stopped by Jaroslav Halak with a rebound.
9:57 of 2nd period - Simon Benoit is hit by Joe Snively and loses puck.
10:02 of 2nd period - Wrist shot by Logan O'Connor.
10:02 of 2nd period - Stopped by Jaroslav Halak with a rebound.
10:04 of 2nd period - Slapshot by Logan O'Connor.
10:04 of 2nd period - Stopped by Jaroslav Halak with a rebound.
10:06 of 2nd period - Wrist shot by Derick Brassard.
10:06 of 2nd period - Shot Hit the Post.
10:24 of 2nd period - Nick Seeler is hit by Cam York.
10:28 of 2nd period - Slapshot by Ben Jones.
10:28 of 2nd period - Deflect By Andre Lee.
10:28 of 2nd period - Shot Misses the Net.
10:28 of 2nd period - Puck is out of play.
10:29 of 2nd period - Derick Brassard wins face-off versus Mikhail Maltsev in Espoo Blues zone.
10:45 of 2nd period - Snap shot by Marian Studenic.
10:45 of 2nd period - Stopped by Spencer Knight with a rebound.
11:25 of 2nd period - Snap shot by Patric Hornqvist.
11:25 of 2nd period - Shot Misses the Net.
11:27 of 2nd period - Backhand shot by Patric Hornqvist.
11:27 of 2nd period - Stopped by Jaroslav Halak without a rebound.
11:28 of 2nd period - Scott Reedy wins face-off versus Derek Grant in Tucson Roadrunners zone.
11:53 of 2nd period - Lukas Rousek is hit by Joe Snively.
12:04 of 2nd period - Mikhail Maltsev is hit by Derick Brassard and loses puck.
12:15 of 2nd period - Simon Benoit is hit by Anton Blidh and loses puck.
12:20 of 2nd period - Snap shot by Patric Hornqvist.
12:20 of 2nd period - Stopped by Jaroslav Halak with a rebound.
12:38 of 2nd period - Snap shot by Stefan Noesen.
12:38 of 2nd period - Shot Misses the Net.
12:40 of 2nd period - Slapshot by Cam York.
12:40 of 2nd period - Deflect By Stefan Noesen.
12:40 of 2nd period - Stopped by Jaroslav Halak without a rebound.
12:41 of 2nd period - Derick Brassard wins face-off versus Mikhail Maltsev in Tucson Roadrunners zone.
12:42 of 2nd period - Slapshot by Joe Snively.
12:42 of 2nd period - Goal by Joe Snively - Espoo Blues : 2 - Tucson Roadrunners : 3.
12:43 of 2nd period - Derek Grant wins face-off versus Gage Goncalves in neutral zone.
13:13 of 2nd period - Snap shot by Brendan Lemieux.
13:13 of 2nd period - Stopped by Jaroslav Halak with a rebound.
13:15 of 2nd period - Slapshot by Mattias Samuelsson.
13:15 of 2nd period - Stopped by Jaroslav Halak with a rebound.
13:17 of 2nd period - Slapshot by Mattias Samuelsson.
13:17 of 2nd period - Deflect By Robert Hagg.
13:17 of 2nd period - Stopped by Jaroslav Halak with a rebound.
14:09 of 2nd period - Snap shot by Stefan Noesen.
14:09 of 2nd period - Shot Blocked by Michal Kempny.
14:11 of 2nd period - Slapshot by Cam York.
14:11 of 2nd period - Deflect By Nicolas Meloche.
14:11 of 2nd period - Stopped by Jaroslav Halak with a rebound.
14:31 of 2nd period - Slapshot by Matthew Highmore.
14:31 of 2nd period - Deflect By Scott Reedy.
14:31 of 2nd period - Stopped by Spencer Knight with a rebound.
14:57 of 2nd period - Minor Penalty to Gavin Bayreuther for Delaying the game.
14:58 of 2nd period - Rocco Grimaldi wins face-off versus Derek Grant in Espoo Blues zone.
16:57 of 2nd period - Penalty to Gavin Bayreuther is over, Gavin Bayreuther is back on ice.
17:06 of 2nd period - Joe Snively is hit by Marian Studenic and loses puck.
17:50 of 2nd period - Derek Grant is hit by Robert Hagg and loses puck.
18:09 of 2nd period - Derick Brassard is hit by Carson Soucy and loses puck.
18:27 of 2nd period - Icing by Nick Seeler.
18:28 of 2nd period - Derek Grant wins face-off versus Scott Reedy in Tucson Roadrunners zone.
18:34 of 2nd period - Minor Penalty to Nick Seeler for Hooking.
18:35 of 2nd period - Derick Brassard wins face-off versus Matthew Nieto in Tucson Roadrunners zone.
18:35 of 2nd period - Slapshot by Stefan Noesen.
18:35 of 2nd period - Deflect By Derick Brassard.
18:35 of 2nd period - Shot Misses the Net.
18:35 of 2nd period - Puck is out of play.
18:36 of 2nd period - Derick Brassard wins face-off versus Matthew Nieto in Tucson Roadrunners zone.
18:37 of 2nd period - Snap shot by Stefan Noesen.
18:37 of 2nd period - Stopped by Jaroslav Halak without a rebound.
18:38 of 2nd period - Derick Brassard wins face-off versus Matthew Nieto in Tucson Roadrunners zone.
19:43 of 2nd period - Michal Kempny is hit by Derek Grant and loses puck.
Goals for this period are 1 for Espoo Blues vs 2 for Tucson Roadrunners.
Shots for this period are 18 for Espoo Blues vs 13 for Tucson Roadrunners.
3rd period
0:01 of 3rd period - Derick Brassard wins face-off versus Matthew Nieto in neutral zone.
0:06 of 3rd period - Snap shot by Rocco Grimaldi.
0:06 of 3rd period - Stopped by Spencer Knight with a rebound.
0:34 of 3rd period - Penalty to Nick Seeler is over, Nick Seeler is back on ice.
0:53 of 3rd period - Snap shot by William Carrier.
0:53 of 3rd period - Shot Misses the Net.
0:55 of 3rd period - Snap shot by Marian Studenic.
0:55 of 3rd period - Stopped by Spencer Knight with a rebound.
0:57 of 3rd period - Snap shot by Nick Seeler.
0:57 of 3rd period - Stopped by Spencer Knight with a rebound.
0:59 of 3rd period - Slapshot by Michal Kempny.
0:59 of 3rd period - Stopped by Spencer Knight without a rebound.
1:00 of 3rd period - Gage Goncalves wins face-off versus Derick Brassard in Espoo Blues zone.
1:06 of 3rd period - Minor Penalty to Logan O'Connor for Hooking.
1:07 of 3rd period - Derek Grant wins face-off versus Gage Goncalves in Espoo Blues zone.
1:17 of 3rd period - Mattias Janmark is hit by Robert Hagg and loses puck.
2:47 of 3rd period - Anton Blidh is hit by Marian Studenic and loses puck.
3:06 of 3rd period - Penalty to Logan O'Connor is over, Logan O'Connor is back on ice.
3:06 of 3rd period - Nicolas Meloche is hit by Logan O'Connor and loses puck.
4:10 of 3rd period - Ben Jones is hit by Anton Blidh and loses puck.
4:36 of 3rd period - Minor Penalty to Simon Benoit for Tripping.
4:37 of 3rd period - Matthew Nieto wins face-off versus Derick Brassard in Tucson Roadrunners zone.
4:46 of 3rd period - Slapshot by Michael Stone.
4:46 of 3rd period - Stopped by Jaroslav Halak with a rebound.
4:48 of 3rd period - Slapshot by Michael Stone.
4:48 of 3rd period - Goal by Michael Stone - Espoo Blues : 3 - Tucson Roadrunners : 3.
4:49 of 3rd period - Derek Grant wins face-off versus Gage Goncalves in neutral zone.
5:19 of 3rd period - Matthew Highmore is hit by Joe Snively and loses puck.
6:29 of 3rd period - Snap shot by Derek Grant.
6:29 of 3rd period - Shot Misses the Net.
6:47 of 3rd period - Robert Hagg is hit by Fredrik Karlstrom and loses puck.
6:52 of 3rd period - Snap shot by Patric Hornqvist.
6:52 of 3rd period - Stopped by Jaroslav Halak without a rebound.
6:53 of 3rd period - Gage Goncalves wins face-off versus Derick Brassard in Tucson Roadrunners zone.
7:06 of 3rd period - Wrist shot by Matthew Nieto.
7:06 of 3rd period - Shot Blocked by Mattias Samuelsson.
7:38 of 3rd period - Snap shot by William Carrier.
7:38 of 3rd period - Stopped by Spencer Knight with a rebound.
8:05 of 3rd period - Icing by Matthew Nieto.
8:06 of 3rd period - Viktor Lodin wins face-off versus Gage Goncalves in Tucson Roadrunners zone.
8:09 of 3rd period - Backhand shot by Derick Brassard.
8:09 of 3rd period - Stopped by Jaroslav Halak with a rebound.
8:20 of 3rd period - Off-side.
8:21 of 3rd period - Derek Grant wins face-off versus Scott Reedy in neutral zone.
8:25 of 3rd period - Off-side.
8:26 of 3rd period - Brendan Lemieux wins face-off versus Scott Reedy in neutral zone.
8:37 of 3rd period - Snap shot by Derek Grant.
8:37 of 3rd period - Stopped by Jaroslav Halak with a rebound.
8:39 of 3rd period - Slapshot by Mattias Samuelsson.
8:39 of 3rd period - Stopped by Jaroslav Halak without a rebound.
8:40 of 3rd period - Derick Brassard wins face-off versus Gage Goncalves in Tucson Roadrunners zone.
8:54 of 3rd period - Minor Penalty to Robert Hagg for Roughing.
8:55 of 3rd period - Matthew Nieto wins face-off versus Derick Brassard in Tucson Roadrunners zone.
10:54 of 3rd period - Penalty to Robert Hagg is over, Robert Hagg is back on ice.
11:04 of 3rd period - Slapshot by Logan O'Connor.
11:04 of 3rd period - Shot Misses the Net.
11:06 of 3rd period - Snap shot by Logan O'Connor.
11:06 of 3rd period - Stopped by Jaroslav Halak with a rebound.
11:08 of 3rd period - Wrist shot by Viktor Lodin.
11:08 of 3rd period - Shot Misses the Net.
11:26 of 3rd period - Wrist shot by Ben Jones.
11:26 of 3rd period - Shot Hit the Post.
11:56 of 3rd period - Slapshot by Mikhail Maltsev.
11:56 of 3rd period - Shot Blocked by Mattias Samuelsson.
13:06 of 3rd period - Scott Reedy is hit by Urho Vaakanainen and loses puck.
13:26 of 3rd period - Nick Seeler is hit by Joe Snively and loses puck.
14:56 of 3rd period - Ridly Greig is hit by Andre Lee and loses puck.
15:27 of 3rd period - Nick Seeler is hit by Cam York and loses puck.
Goals for this period are 1 for Espoo Blues vs 0 for Tucson Roadrunners.
Shots for this period are 7 for Espoo Blues vs 5 for Tucson Roadrunners.
Overtime #1
0:01 of 1st overtime period - Matthew Nieto wins face-off versus Derek Grant in neutral zone.
0:14 of 1st overtime period - Slapshot by Carson Soucy.
0:14 of 1st overtime period - Shot Blocked by Derek Grant.
0:44 of 1st overtime period - Slapshot by Joe Snively.
0:44 of 1st overtime period - Stopped by Jaroslav Halak without a rebound.
0:45 of 1st overtime period - Gage Goncalves wins face-off versus Joe Snively in Tucson Roadrunners zone.
0:50 of 1st overtime period - Wrist shot by Robert Hagg.
0:50 of 1st overtime period - Stopped by Spencer Knight with a rebound.
0:58 of 1st overtime period - Wrist shot by Cam York.
0:58 of 1st overtime period - Stopped by Jaroslav Halak with a rebound.
1:00 of 1st overtime period - Slapshot by Chad Ruhwedel.
1:00 of 1st overtime period - Stopped by Jaroslav Halak without a rebound.
1:01 of 1st overtime period - Matthew Nieto wins face-off versus Derek Grant in Tucson Roadrunners zone.
1:10 of 1st overtime period - Robert Hagg is hit by Stefan Noesen and loses puck.
1:17 of 1st overtime period - Snap shot by Stefan Noesen.
1:17 of 1st overtime period - Goal by Stefan Noesen - Espoo Blues : 4 - Tucson Roadrunners : 3.
Goals for this period are 1 for Espoo Blues vs 0 for Tucson Roadrunners.
Shots for this period are 4 for Espoo Blues vs 1 for Tucson Roadrunners.
Back to the Top